 Dungeon Crawl Stone Soup version 0.26-a0-852-g6321bf7485 (webtiles) character file.

Game seed: 8200495193954238353

447 pablito the Chiller (level 7, 0/46 HPs)
             Began as a Merfolk Ice Elementalist on Nov 21, 2020.
             Slain by a two-headed ogre
             ... wielding a +0 giant club
              (14 damage)
             ... on level 5 of the Dungeon.
             The game lasted 00:20:20 (4686 turns).

pablito the Chiller (Merfolk Ice Elementalist)      Turns: 4686, Time: 00:20:20

Health: 0/46       AC:  5    Str: 14    XL:     7   Next: 3%
Magic:  12/14      EV: 13    Int: 21    God:
Gold:   284        SH:  0    Dex: 16    Spells: 11/15 levels left

rFire    . . .     SeeInvis .   r - +0 long sword
rCold    . . .     Faith    .   (no shield)
rNeg     + + .     Spirit   .   a - +0 robe
rPois    .         Reflect  .   l - +0 helmet
rElec    .         Harm     .   q - +0 cloak
rCorr    .         Rampage  .   d - +0 pair of gloves
MR       +....                  (no boots)
Stlth    ++........             z - amulet of magic regeneration
HPRegen  0.15/turn              K - ring of Wavuc {rN++ MR+ Int+6}
MPRegen  0.39/turn              p - +6 ring of strength

@: frozen ramparts
A: change form in water, swift swim, stealthy swim
a: no special abilities


You were on level 5 of the Dungeon.
You visited 1 branch of the dungeon, and saw 5 of its levels.

You collected 284 gold pieces.

Inventory:

Hand Weapons
 j - a +0 dagger
 k - a +0 falchion
 r - a +0 long sword (weapon)
 B - a +3 vampiric scythe
Missiles
 f - 4 curare-tipped darts (quivered)
 t - 10 poisoned darts
 C - 5 atropa-tipped darts
 E - 5 datura-tipped darts
Armour
 a - a +0 robe (worn)
 d - a +0 pair of gloves (worn)
 l - a +0 helmet (worn)
 q - a +0 cloak (worn)
Jewellery
 h - an uncursed ring of see invisible
 p - a +6 ring of strength (right hand)
 u - an uncursed ring of positive energy
 w - an uncursed ring of flight
 z - an amulet of magic regeneration (around neck)
 F - an uncursed ring of protection from magic
 G - an uncursed ring of protection from fire
 K - the ring of Wavuc (left hand) {rN++ MR+ Int+6}
   (You found it on level 4 of the Dungeon)

   [ring of intelligence]

   It affects your intelligence (+6).
   It greatly protects you from negative energy.
   It affects your resistance to hostile enchantments.
Wands
 A - a wand of iceblast (7)
Scrolls
 e - a scroll of fear
 n - 2 scrolls of blinking {unknown}
 v - 2 scrolls of immolation {unknown}
 x - 3 scrolls of teleportation {unknown}
 y - 3 scrolls of amnesia {unknown}
 D - a scroll of fog {unknown}
 H - a scroll of remove curse {unknown}
 I - a scroll of random uselessness {unknown}
 J - a scroll of enchant weapon {unknown}
Potions
 b - a potion of attraction {unknown}
 c - 4 potions of curing
 g - a potion of heal wounds {unknown}
 i - 2 potions of lignification
 m - a potion of mutation {unknown}
 o - a potion of haste {unknown}
 s - a potion of berserk rage {unknown}
 L - a potion of degeneration {unknown}


   Skills:
 + Level 0.0 Fighting
 + Level 0.1 Polearms
 + Level 2.7 Dodging
 - Level 2.1 Stealth
 + Level 4.9 Spellcasting
 + Level 7.0 Ice Magic


You had 11 spell levels left.
You knew the following spells:

 Your Spells              Type           Power        Failure   Level
a - Freeze                Ice            ####         1%          1
b - Frozen Ramparts       Ice            ####..       1%          3

Your spell library contained the following spells:

 Spells                   Type           Power        Failure   Level
 Ozocubu's Armour         Ice            ####....     1%          3
 Hailstorm                Conj/Ice       ###.....     26%         4
 Summon Ice Beast         Ice/Summ       ###.....     26%         4


Dungeon Overview and Level Annotations

Branches:
Dungeon (5/15)
 Temple: D:4-7

Altars:
Ashenzari
Gozag
Makhleb
Nemelex Xobeh
Trog


Message History

Press: ? - help, Shift-Dir - straight line, f - two-headed ogre
Aim: a two-headed ogre, wielding a +0 giant club and a +0 giant spiked club You freeze the two-headed ogre!
The two-headed ogre is lightly wounded.
The two-headed ogre hits you with a +0 giant club!!
Ouch! That really hurt!
The two-headed ogre hits you with a +0 giant spiked club.
Casting: Freeze (safe; 1% risk of failure)
Confirm with . or Enter, or press ? or * to list all spells.
The walls around you are covered in ice.
The wall freezes the two-headed ogre.
The wall freezes the two-headed ogre.
The wall freezes the two-headed ogre.
There is a stone staircase leading down here.
As you read the scroll of fear, it crumbles to dust.
You assume a fearsome visage.
The two-headed ogre looks frightened!
The wall freezes the two-headed ogre.
Your attack snaps the two-headed ogre out of its fear.
The two-headed ogre hits you with a +0 giant club!
You die...

#.#.##### #. #.#.#
#. #.#.###### #.
#(#......########.
#.######..........
#.# ###########
#.# #######.##
.......@.#
#######O.#
########..#
........#.#
#######.#.# #...#
....# .....
...#...


You could see a two-headed ogre.

Vanquished Creatures
  Sigmund (D:3)
  An ogre (D:4)
  A crimson imp (D:4)
  An iguana (D:2)
  Robin (D:2)
  An adder (D:2)
  A white imp (D:4)
  An adder skeleton (D:4)
  9 dart slugs
  A worm (D:4)
  9 orcs (D:4)
  6 giant cockroaches
  10 goblins
  10 hobgoblins
  2 jackals (D:1)
  4 kobolds
  3 quokkas
  2 ball pythons (D:1)
  8 bats
  6 frilled lizards
  8 rats
86 creatures vanquished.

Vanquished Creatures (others)
  2 fungi (D:2)
  6 toadstools (D:2)
8 creatures vanquished.

Grand Total: 94 creatures vanquished

Notes
Turn   | Place    | Note
-------+----------+-------------------------------------------
     0 | D:1      | pablito the Merfolk Ice Elementalist began the quest for
                  | the Orb.
     0 | D:1      | Reached XP level 1. HP: 13/13 MP: 3/3
   377 | D:1      | Reached XP level 2. HP: 19/19 MP: 3/5
  1017 | D:2      | Reached skill level 5 in Ice Magic
  1017 | D:2      | Reached XP level 3. HP: 10/24 MP: 0/7
  1187 | D:2      | Learned a level 3 spell: Frozen Ramparts
  1406 | D:2      | Reached XP level 4. HP: 30/30 MP: 3/8
  1426 | D:2      | Noticed Robin
  1439 | D:2      | Killed Robin
  1823 | D:2      | Found a burning altar of Makhleb.
  1823 | D:2      | Found a sparkling altar of Nemelex Xobeh.
  2584 | D:3      | Found a broken altar of Ashenzari.
  2712 | D:3      | Noticed Sigmund
  2720 | D:3      | Killed Sigmund
  2721 | D:3      | Reached skill level 6 in Ice Magic
  2721 | D:3      | Reached XP level 5. HP: 35/35 MP: 4/11
  2721 | D:3      | Reached XP level 6. HP: 41/41 MP: 4/12
  2741 | D:3      | Found an opulent altar of Gozag.
  3739 | D:4      | Found a bloodstained altar of Trog.
  4069 | D:4      | Reached skill level 7 in Ice Magic
  4071 | D:4      | Reached XP level 7. HP: 46/46 MP: 8/14
  4146 | D:4      | Got a vibrating granite ring
  4148 | D:4      | Identified the ring of Wavuc {rN++ MR+ Int+6} (You found it
                  | on level 4 of the Dungeon)
  4628 | D:5      | Entered Level 5 of the Dungeon
  4679 | D:5      | Noticed a two-headed ogre
  4686 | D:5      | Slain by a two-headed ogre

Illustrated notes

Levels and vault maps discovered:
D:1:      minmay_arrival_semitransparent, layout_loops_ring
D:2:      layout_loops_cross, gammafunk_temple_overflow_wave,
          minmay_gold_behind_fungi, uniq_robin
D:3:      layout_loops_corners, overflow_temple_1_default,
          grunt_gozag_breadcrumbs, minmay_surrounded, uniq_sigmund
D:4:      kennysheep_slugbush, layout_layer_cave, kennysheep_mini_moat,
          minivault_25, minmay_fire_ice_demons
D:5:      layout_basic, kennysheep_mini, uniq_menkaure

Skill      XL: |  1  2  3  4  5  6 |
---------------+-------------------+-----
Ice Magic      | 5 6 7 |  7.0
Spellcasting   | 3 4 |  4.9
Polearms       | |  0.1
Dodging        | |  2.7
Stealth        | |  2.1

Action                   |  1- 3 |  4- 6 |  7- 9 || total
-------------------------+-------+-------+-------++-------
Melee: Unarmed           |    19 |     2 |       ||    21
       Dagger            |       |    18 |       ||    18
       Long sword        |       |    46 |     3 ||    49
       Tailslap          |       |     6 |       ||     6
Throw: Dart              |       |     1 |       ||     1
 Cast: Freeze            |    39 |    41 |     2 ||    82
       Frozen Ramparts   |     2 |     8 |     2 ||    12
  Use: Scroll            |     2 |     3 |     1 ||     6
 Stab: Sleeping          |       |     5 |       ||     5
Armor: Robe              |     8 |    15 |       ||    23
Dodge: Dodged            |    23 |    65 |     3 ||    91
       Rpst.: Long sword |       |    14 |       ||    14

Table legend: (Time is in decaauts)
 A = Elapsed time spent in this place.
 B = Non-inter-level travel time spent in this place.
 C = Inter-level travel time spent in this place.
 D = Time resting spent in this place.
 E = Time spent auto-exploring this place.
 F = Levels seen in this place.
 G = Mean time per level.
                   A        B        C        D        E       F      G
               +--------+--------+--------+--------+--------+-----+--------+
         Total |   4676 |   4562 |    114 |    166 |   3695 |   5 |  935.2 |
       Dungeon |   4676 |   4562 |    114 |    166 |   3695 |   5 |  935.2 |
               +--------+--------+--------+--------+--------+-----+--------+

Top non-repeatable levels by time:
     D:4: 1478 daAuts
     D:2: 1152 daAuts
     D:3: 1016 daAuts
     D:1: 972 daAuts
     D:5: 57 daAuts
